 Dungeon Crawl Stone Soup version 0.17-a0-1181-gabc46e6 (console) character file.

481 Monkaria the Slasher (level 6, -7/48 HPs)
             Began as a Demonspawn Chaos Knight on May 31, 2015.
             Mangled by an ogre
             ... wielding a +0 giant club
              (30 damage)
             ... on level 5 of the Dungeon.
             The game lasted 00:06:10 (3815 turns).

Monkaria the Slasher (Demonspawn Chaos Knight)      Turns: 3815, Time: 00:06:10

Health: -7/48      AC:  7    Str: 16    XL:     6   Next: 87%
Magic:  15/15      EV: 11    Int: 13    God:    Xom [..*...]
Gold:   166        SH:  0    Dex: 15    Spells: 0 memorised, 5 levels left

rFire  + . .     SeeInvis .     a - +0 falchion (chaos)
rCold  + . .     Clarity  .     b - +2 leather armour
rNeg   . . .     SustAt   .     (no shield)
rPois  .         Gourm    .     (no helmet)
rElec  .         Spirit   .     (no cloak)
rCorr  .         Warding  .     u - +1 pair of gloves
rMut   .         Stasis   .     (no boots)
MR     +....                    (no amulet)
Stlth  +.........               v - ring of magical power
                                i - ring of flight

@: somewhat resistant to hostile enchantments, very unstealthy
A: hooves 2, agile 1, blurry vision 1, cold resistance 1, fire resistance 1,
magic resistance 1, strong 1, evolution 1
a: Renounce Religion, Evoke Flight


You were on level 5 of the Dungeon.
You worshipped Xom.
You were a toy of Xom.
You were near starving.

You visited 1 branch of the dungeon, and saw 5 of its levels.

You collected 166 gold pieces.

Inventory:

Hand weapons
 a - a +0 falchion of chaos (weapon)
Missiles
 s - 4 curare-tipped needles
 y - 15 poisoned needles
Armour
 b - a +2 leather armour (worn)
 u - a +1 pair of gloves (worn)
Jewellery
 i - a ring of flight (left hand)
 v - a ring of magical power (right hand)
Scrolls
 d - 3 scrolls of remove curse {unknown}
 g - 9 scrolls of identify {unknown}
 j - 2 scrolls of teleportation {unknown}
 n - 2 scrolls of amnesia {unknown}
 o - a scroll of enchant armour {unknown}
 A - a scroll of silence {unknown}
Potions
 e - 3 potions of lignification {unknown}
 f - a potion of flight {unknown}
 k - a potion of invisibility {unknown}
 m - a potion of haste {unknown}
 p - a potion of mutation {unknown}
 q - a potion of resistance {unknown}
 r - 2 potions of curing {unknown}
 t - a potion of brilliance {unknown}
 z - a potion of heal wounds {unknown}
Comestibles
 c - 4 bread rations
 h - 2 royal jellies
 l - 3 meat rations
 w - 3 fruits
 x - a slice of pizza


   Skills:
 - Level 4.0 Fighting
 + Level 6.7 Long Blades
 - Level 1.7 Armour
 - Level 0.8 Dodging


You had 5 spell levels left.
You didn't know any spells.

Dungeon Overview and Level Annotations

Branches:
Dungeon (5/15)
 Temple: D:4-7

Altars:
Gozag


Innate Abilities, Weirdness & Mutations

You have hoof-like feet.
Your flesh is cold resistant.
You are agile. (Dex +2)
Scrolls take you a little longer to read.
Your flesh is heat resistant.
You are resistant to hostile enchantments.
Your muscles are strong. (Str +2)
You evolve.


Message History

The ogre is moderately wounded.
The ogre barely misses you.
You hit the ogre.
There is a sudden explosion of sparks!
You kick the ogre, but do no damage.
The ogre is heavily wounded.
Xom's attention almost turns to you for a moment.
Multicoloured lights dance before your eyes!
The ogre closely misses you.
You hit the ogre but do no damage.
The ogre is heavily wounded.
The ogre completely misses you.
You hit the ogre.
The ogre is poisoned.
Your kick misses the ogre.
The ogre is severely wounded.
The ogre barely misses you. The ogre closely misses you.
You barely miss the ogre. Your kick misses the ogre.
The ogre is severely wounded.
The ogre hits you with a giant club!!
Ouch! That really hurt!
You die...
Xom chuckles heartily!

#.##.#............#
#....#............#
######>...........#
#.......<....###.....
#.####.#..............# #.#
#.#.#.###........# #.#
#.#.#.#.#........# #.#
#.#.#.O.#........## #.#
#.#.#<@.#.##......#
######'####.#.....#.#####...#####
......(..........................
..........#####...#..####...#####
...(......# #.#.#..####.###
..........# #.#.#.#.....# ###
..........#####.#..##.....# #..
.....####.......#.........# #..
###### ##.......##..###.#.# #..


You could see an ogre (berserk).

Vanquished Creatures
  An ogre (D:5)
  A centaur (D:5)
  A scorpion (D:4)
  A giant frog skeleton (D:5)
  3 hounds
  An orc priest (D:3)
  A worker ant (D:3)
  2 adders
  2 shadow imps
  A giant eyeball (D:3)
  An ooze (D:2)
  An adder skeleton (D:5)
  An adder zombie (D:3)
  3 worms
  2 giant geckos
  5 orcs
  A ball python (D:1)
  A bat skeleton (D:5)
  5 giant cockroaches
  7 goblins
  5 hobgoblins
  2 quokkas
  8 bats
  4 giant newts
  2 jackals (D:1)
  7 kobolds
  9 rats
78 creatures vanquished.

Vanquished Creatures (collateral kills)
  An adder (D:3)
  A rat (D:3)
2 creatures vanquished.

Grand Total: 80 creatures vanquished

Notes
Turn   | Place    | Note
--------------------------------------------------------------
     0 | D:1      | Monkaria the Demonspawn Chaos Knight began the quest for the Orb.
     0 | D:1      | Reached XP level 1. HP: 18/18 MP: 1/1
    91 | D:1      | XOM: silly message
   394 | D:1      | XOM: 8-stop teleportation journey
   397 | D:1      | XOM: harmless Erth miscast
   407 | D:1      | Gained mutation: You have large cloven feet. [demonic ancestry]
   407 | D:1      | Reached XP level 2. HP: 22/24 MP: 2/2
   710 | D:2      | Reached skill level 4 in Fighting
   941 | D:2      | Reached XP level 3. HP: 21/30 MP: 3/3
  1179 | D:3      | XOM: smoke on damage
  1207 | D:3      | XOM: summons 1 hostile demon
  1221 | D:3      | XOM: give mutations
  1221 | D:3      | Gained mutation: Your muscles are strong. (Str +2) [Xom's grace]
  1221 | D:3      | Gained mutation: Your flesh is heat resistant. [Xom's grace]
  1221 | D:3      | Gained mutation: You evolve. [Xom's grace]
  1221 | D:3      | Gained mutation: You are agile. (Dex +2) [Xom's grace]
  1392 | D:3      | Gained mutation: You are resistant to hostile enchantments. [evolution]
  1549 | D:3      | XOM: summons friendly quasit
  1766 | D:3      | Gained mutation: Your flesh is cold resistant. [demonic ancestry]
  1766 | D:3      | Reached XP level 4. HP: 35/37 MP: 4/4
  1785 | D:3      | XOM: chaos cloud
  1945 | D:3      | XOM: 4-stop teleportation journey
  2103 | D:3      | Gained mutation: Scrolls take you a little longer to read. [evolution]
  2249 | D:3      | Reached XP level 5. HP: 10/42 MP: 5/5
  2263 | D:3      | XOM: god gift: 6 gold pieces
  2373 | D:3      | XOM: silly message
  2529 | D:4      | XOM: enchant monster (good)
  2576 | D:4      | Reached skill level 5 in Long Blades
  2580 | D:4      | XOM: swap monsters
  2695 | D:4      | XOM: 7-stop teleportation journey
  2923 | D:4      | Found an opulent altar of Gozag.
  3097 | D:4      | XOM: medium Conj miscast
  3233 | D:5      | Entered Level 5 of the Dungeon
  3249 | D:5      | Gained mutation: You have hoof-like feet. [demonic ancestry]
  3249 | D:5      | Reached XP level 6. HP: 37/48 MP: 6/6
  3405 | D:5      | Noticed an ogre
  3422 | D:5      | Reached skill level 6 in Long Blades
  3428 | D:5      | Killed an ogre
  3433 | D:5      | Noticed a centaur
  3433 | D:5      | XOM: destruction
  3447 | D:5      | Killed a centaur
  3459 | D:5      | HP: 2/48 [something (6)]
  3622 | D:5      | XOM: harmless Erth miscast
  3786 | D:5      | XOM: silly message
  3812 | D:5      | XOM: harmless Hex miscast
  3815 | D:5      | Mangled by an ogre

Vault maps used:
D:1:      sevenhm_arrival_forest_fort_small_6
D:2:      lemuel_upstairs_altar
D:4:      lemuel_crystal_altar, first_bread, grunt_ministairs_15
D:5:      lemuel_ratsnest, minmay_misc_feat_diagonals

Action                   |  1- 3 |  4- 6 || total
-------------------------+-------+-------++-------
Melee: Falchion          |   135 |   161 ||   296
 Stab: Petrifying        |     1 |       ||     1
       Paralysed         |       |     4 ||     4
       Sleeping          |       |     1 ||     1
  Eat: Chunk             |     2 |     6 ||     8
